 Dungeon Sprint DCSS version 0.30-a0-305-g026cb31310 (webtiles) character file.

Game seed: 13091592910116858089

30 rocky1 the Poker (level 3, 0/46 HPs)
             Began as a Demonspawn Gladiator on Oct 22, 2022.
             Was a Believer of Cheibriados.
             Slain by a gnoll
             ... wielding a +0 flail
              (7 damage)
             ... while paralysed by a floating eye
             ... in the Dungeon (Sprint VII: "The Pits").
             The game lasted 00:01:33 (544 turns).

rocky1 the Poker (Demonspawn Gladiator)              Turns: 544, Time: 00:01:35

Health: 0/46       AC:  4    Str: 21    XL:     3   Next: 5%
Magic:  3/3        EV:  2    Int: 14    God:    Cheibriados [**....]
Gold:   0          SH:  0    Dex: 19    Spells: 2/2 levels left

rFire   . . .      SeeInvis .    o - +2 trident
rCold   . . .      Faith    .    (no shield)
rNeg    . . .      Spirit   .    b - +0 leather armour
rPois   .          Reflect  .    c - +0 helmet
rElec   .          Harm     .    (no cloak)
rCorr   .          Rampage  .    (no gloves)
Will    .....      NoTele   +    (no boots)
Stlth   ..........               (no amulet)
HPRegen 0.27/turn                (no ring)
MPRegen 0.08/turn                (no ring)

@: paralysed, berserking, very slow
A: demonic guardian 1
a: Renounce Religion, Bend Time


You were in the Dungeon.
You worshipped Cheibriados.
Cheibriados was pleased with you.
You visited 1 branch

Inventory:

Hand Weapons
 a - a +0 trident
 o - a +2 trident (weapon)
Missiles
 d - 3 throwing nets (quivered)
 e - a javelin
Armour
 b - a +0 leather armour (worn)
 c - a +0 helmet (worn)
Scrolls
 k - a scroll of blinking
 m - 5 scrolls of amnesia
 n - a scroll of summoning
Potions
 f - a potion of curing
 h - a potion of haste
 i - 4 potions of magic
 j - 2 potions of berserk rage
 l - 2 potions of invisibility


   Skills:
 + Level 4.7 Fighting
 + Level 4.7 Polearms
 - Level 1.7 Throwing
 - Level 2.6 Dodging


You had 2 spell levels left.
You didn't know any spells.
Your spell library was empty.

Dungeon Overview and Level Annotations

Branches:
Dungeon (1/1)

Altars:
Ashenzari
Cheibriados
Dithmenos
Fedhas
Gozag
Hepliaklqana
Kikubaaqudgha
Makhleb
Nemelex Xobeh
Okawaru
Qazlal
Ru
Sif Muna
Trog
Uskayaw
Vehumet
Wu Jian
Xom
Yredelemnul
Jiyva
Lugonu


Innate Abilities, Weirdness & Mutations

A weak demonic guardian rushes to your aid.


Message History

A warg and a hobgoblin come into view.
The warg howls!
The floating eye turns its gaze towards you.
The floating eye's stare focuses on you.
The floating eye pulsates ominously.
The floating eye gazes piercingly through you!
You suddenly lose the ability to move!
The warg bites you. The floating eye seems to glare at you. The warg bites you!
The warg bites you.
A demonic guardian appears!
The floating eye gazes piercingly through you!
You shrug off the repeated paralysis!
The gnoll hits you with a +0 flail.
* * * LOW HITPOINT WARNING * * *
You can move again.
Unknown command.
You feel much better. The warg bites you.
The floating eye pulsates ominously.
The gnoll completely misses you.
A red film seems to cover your vision as you go berserk!
Cheibriados forces you to slow down.
You feel mighty! The warg bites you but does no damage.
The gnoll completely misses you. The floating eye seems to glare at you.
Unknown command.
You barely miss the floating eye. The warg bites you!
Your quasit bites the floating eye.
Your quasit claws the floating eye. x2
The warg barely misses you. The gnoll hits you with a +0 flail.
The floating eye gazes piercingly through you!
You suddenly lose the ability to move!
Your quasit bites the floating eye.
Your quasit claws the floating eye. x2
The warg bites you.
Your quasit bites the floating eye.
Your quasit claws the floating eye. x2; The gnoll hits you with a +0 flail!
The warg bites you!
* * * LOW HITPOINT WARNING * * *
Your quasit bites the floating eye.
Your quasit claws the floating eye.
The floating eye dies!
Cheibriados appreciates the change of pace.
Cheibriados raises the support of your attributes as your movement slows.
The gnoll hits you with a +0 flail!
You die...

#..........)'.........
#+#####)#####......#..
#..#..# #.........
#..)..# ####'#####
#..#### #.......#
#..#..# #.......#
#..#..# #.......#
##'#h.#+###...<...#
#..@g....##.......#
#..5g....##.......#
###########.......#
#########


You could see a warg, a gnoll, a hobgoblin and a friendly quasit (summoned).

Vanquished Creatures
  An adder (D)
  2 river rats (D)
  2 goblins (D)
  A kobold (D)
6 creatures vanquished.

Vanquished Creatures (collateral kills)
  A floating eye (D)
1 creature vanquished.

Grand Total: 7 creatures vanquished

Notes
Turn   | Place    | Note
-------+----------+-------------------------------------------
     0 | D        | rocky1 the Demonspawn Gladiator began the quest for the
                  | Orb.
     0 | D        | Reached XP level 1. HP: 16/16 MP: 1/1
    20 | D        | Found a bloodstained altar of Trog.
    20 | D        | Found a shimmering blue altar of Sif Muna.
    20 | D        | Found a viscous altar of Jiyva.
    20 | D        | Found a hazy altar of Hepliaklqana.
    20 | D        | Found an opulent altar of Gozag.
    21 | D        | Found a basalt altar of Yredelemnul.
    21 | D        | Found a shimmering altar of Xom.
    21 | D        | Found an ornate altar of the Wu Jian Council.
    21 | D        | Found a sacrificial altar of Ru.
    21 | D        | Found a stormy altar of Qazlal.
    21 | D        | Found an iron altar of Okawaru.
    21 | D        | Found a sparkling altar of Nemelex Xobeh.
    21 | D        | Found a burning altar of Makhleb.
    21 | D        | Found a blossoming altar of Fedhas.
    21 | D        | Found a shadowy altar of Dithmenos.
    21 | D        | Found a snail-covered altar of Cheibriados.
    24 | D        | Found a corrupted altar of Lugonu.
    24 | D        | Found a radiant altar of Vehumet.
    25 | D        | Found an ancient bone altar of Kikubaaqudgha.
    25 | D        | Found a hide-covered altar of Uskayaw.
    25 | D        | Found a broken altar of Ashenzari.
    32 | D        | Became a worshipper of Cheibriados the Contemplative
    79 | D        | Gained mutation: A weak demonic guardian rushes to your
                  | aid. [demonic ancestry]
    79 | D        | Reached XP level 2. HP: 7/24 MP: 2/2
   350 | D        | Reached * piety under Cheibriados
   355 | D        | Reached ** piety under Cheibriados
   359 | D        | Reached XP level 3. HP: 15/31 MP: 3/3
   536 | D        | Noticed a floating eye
   537 | D        | Noticed a warg
   537 | D        | Paralysed by a floating eye for 3 turns
   542 | D        | Paralysed by a floating eye for 4 turns
   544 | D        | Killed a floating eye
   544 | D        | Slain by a gnoll

Illustrated notes

Levels and vault maps discovered:
D:        pitsprint [storerooms_1, entrance_room_1, metal_vault_2, armoury_1,
          mini_pit_1, grid_room_1, main_hall_1, silver_pit, the_coven_1,
          the_vestibule_1, steel_vault_3, golden_pit, hallway_of_sentries,
          crystal_vault_6, iron_vault_2, final_vault]

Skill      XL: |  1  2 |
---------------+-------+-----
Polearms       | 3 4 |  4.7
Fighting       | 3 4 |  4.7
Throwing       | |  1.7
Dodging        | |  2.6

Action                   || total
-------------------------++-------
Melee: Trident           ||    26
  Use: Potion            ||     2
Armor: Leather armour    ||     6
Dodge: Dodged            ||    10

Table legend: (Time is in decaauts)
 A = Elapsed time spent in this place.
 B = Non-inter-level travel time spent in this place.
 C = Inter-level travel time spent in this place.
 D = Time resting spent in this place.
 E = Time spent auto-exploring this place.
 F = Levels seen in this place.
 G = Mean time per level.
                   A        B        C        D        E       F      G
               +--------+--------+--------+--------+--------+-----+--------+
         Total |    560 |    560 |      0 |    429 |      0 |   1 |  560.0 |
       Dungeon |    560 |    560 |      0 |    429 |      0 |   1 |  560.0 |
               +--------+--------+--------+--------+--------+-----+--------+

Top non-repeatable levels by time:
       D: 560 daAuts
